 Dungeon Crawl Stone Soup version 0.29-a0-275-g389c0b56f3 (webtiles) character file.

Game seed: 9574082685084590310

4 spaghetti the Skirmisher (level 1, 0/21 HPs)
             Began as a Naga Chaos Knight on Mar 9, 2022.
             Was a Plaything of Xom.
             Slain by a rat (3 damage)
             ... on level 1 of the Dungeon.
             The game lasted 00:00:18 (47 turns).

spaghetti the Skirmisher (Naga Chaos Knight)          Turns: 47, Time: 00:00:19

Health: 0/21       AC:  4    Str: 14    XL:     1   Next: 60%
Magic:  1/1        EV:  9    Int: 12    God:    Xom [..*...]
Gold:   33         SH:  0    Dex: 10    Spells: 0/0 levels left

rFire   . . .      SeeInvis +   a - +0 mace (chaos) {mace}
rCold   . . .      Faith    .   (no shield)
rNeg    . . .      Spirit   .   b - +2 leather armour
rPois   +          Reflect  .   (no helmet)
rElec   .          Harm     .   (no cloak)
rCorr   .          Rampage  .   (no gloves)
Will    .....                   (no barding)
Stlth   +.........              (no amulet)
HPRegen 0.07/turn               (no ring)
MPRegen 0.07/turn               (no ring)

@: very slow
A: AC +0, large, see invisible, deformed body, poison resistance, slowness 2,
spit poison 1, naga tail 1
a: Spit Poison, Renounce Religion


You were on level 1 of the Dungeon.
You worshipped Xom.
You were a toy of Xom.
You visited 1 branch of the dungeon, and saw 1 of its levels.

You collected 33 gold pieces.


Innate Abilities, Weirdness & Mutations

Your serpentine skin is tough. (AC +0)
You have supernaturally acute eyesight. (SInv)
Armour fits poorly on your strangely shaped body.
Your system is resistant to poisons. (rPois)
You cover ground very slowly.
You can spit poison.
You have a snake-like lower body.


   Skills:
 + Level 3.3 Fighting
 - Level 3.0 Maces & Flails
 - Level 1.5 Armour
 - Level 0.7 Dodging


You couldn't memorise any spells.
You didn't know any spells.
Your spell library was empty.

Inventory:

Hand Weapons
 a - a +0 mace of chaos (weapon) {mace}
Armour
 b - a +2 leather armour (worn)
Jewellery
 d - a ring of poison resistance
   (You found it on level 1 of the Dungeon)
Miscellaneous
 c - a piece from Xom's chessboard (15/15) (quivered)

Dungeon Overview and Level Annotations

Branches:
Dungeon (1/15)

Altars:

#...........#
#...........#
#.⌠...<...⌠.#
#...........#
#...........#
####..#..####
##...##
#####§....#
#..r@§#.###
..:...r§K#...
####.....#.....
#.....#......
#....K.#......
.$......#......
.#.......#
###...?).


You could see 2 kobolds and 2 rats.


Message History

The kobold throws a stone.
The stone completely misses you.
You closely miss the bat.
The bat completely misses you. x2 "Go forth and destroy!"
You feel better. The bat barely misses you.
The kobold throws a stone.
The stone hits you but does no damage. The bat hits you but does no damage.
You see here a Trismegistus Codex.
You barely miss the bat. The bat closely misses you. The bat barely misses you.
A rat comes into view.
You miss the kobold. The bat closely misses you.
The kobold hits you with a +0 club. The kobold misses you.
A kobold comes into view. It is wielding a +0 short sword.
The kobold shouts!
You hit the kobold but do no damage.
The kobold suddenly seems more agile.
The bat hits you but does no damage. The kobold hits you but does no damage.
You barely miss the bat. The bat hits you but does no damage.
The kobold barely misses you.
A rat comes into view.
The kobold hits you with a +0 club. 😕 HP[-4]
You take 4 damage, and now have 16/21 hp.
You hit the kobold. You freeze the kobold. The bat hits you but does no damage.
The kobold barely misses you. The kobold hits you but does no damage.
You miss the kobold. The bat barely misses you.
The kobold hits you but does no damage. The kobold misses you.
The bat hits you but does no damage. The rat barely misses you.
The kobold closely misses you.
You miss the kobold. The bat hits you. The bat closely misses you.
The bat barely misses you. The kobold closely misses you.
The kobold barely misses you. The rat bites you. 😮 HP[-2]
You take 2 damage, and now have 14/21 hp.
You are too injured to fight recklessly!
You are too injured to fight recklessly!
You are too injured to fight recklessly!
You are too injured to fight recklessly!
You are too injured to fight recklessly!
You are too injured to fight recklessly!
You are too injured to fight recklessly!
You are too injured to fight recklessly!
You are too injured to fight recklessly!
You are too injured to fight recklessly!
You are too injured to fight recklessly!
You are too injured to fight recklessly!
You are too injured to fight recklessly!
You are too injured to fight recklessly!
You are too injured to fight recklessly!
You are too injured to fight recklessly!
You are too injured to fight recklessly!
Unknown command.
Aiming: Spit Poison (3% risk of failure)
Press: ? - help, Shift-Dir - straight line, f - bat
Aim: a bat (35% to hit)
The splash of poison hits the bat.
The bat is poisoned.
You kill the bat!
The kobold hits you with a +0 short sword.
The kobold barely misses you. The rat bites you.
The kobold hits you with a +0 short sword.
* * * LOW HITPOINT WARNING * * *
😨 HP[-5]
You take 5 damage, and now have 9/21 hp.
MASSIVE DAMAGE!! (PAUSE)
You aren't carrying any potions.
You aren't carrying any scrolls.
Unknown command.
You don't have any such object.
Evoke which item? (* to show all) (? for menu, Esc to quit)
You don't have any such object.
Evoke which item? (* to show all) (? for menu, Esc to quit)
Okay, then.
You closely miss the kobold.
A kobold comes into view. It is wielding a +0 whip.
The kobold barely misses you.
The kobold hits you with a +0 short sword.
* * * LOW HITPOINT WARNING * * *
The kobold hits you but does no damage. 😨 HP[-2]
You take 2 damage, and now have 7/21 hp.
You thump the kobold!
You feel better.
You kill the kobold!
The rat twitches its whiskers.
The rat bites you.
* * * LOW HITPOINT WARNING * * *
The kobold hits you with a +0 short sword.
* * * LOW HITPOINT WARNING * * *
The kobold barely misses you. 😱 HP[-3]
You take 3 damage, and now have 4/21 hp.
You hit the kobold.
You kill the kobold!
The rat bites you but does no damage. The rat bites you.
* * * LOW HITPOINT WARNING * * *
You emit a cloud of colourful smoke!
The kobold barely misses you. The rat barely misses you.
The kobold barely misses you. The rat closely misses you. 😱 HP[-1]
You take 1 damage, and now have 3/21 hp.
You hit the kobold but do no damage.
You have got your breath back.
The rat bites you.
You die...

Action                   || total
-------------------------++-------
Melee: Mace              ||    15
 Abil: Spit Poison       ||     1
Armor: Leather armour    ||    12
Dodge: Dodged            ||    30

Levels and vault maps discovered:
D:1:      dpeg_arrival_arbitrary_c, layout_rooms,
          chequers_ecumenical_altar_island, corexii_item_surrounded_by_moat,
          lemuel_old_faithful

Notes
Turn   | Place    | Note
-------+----------+-------------------------------------------
     0 | D:1      | spaghetti the Naga Chaos Knight began the quest for the
                  | Orb.
     0 | D:1      | Reached XP level 1. HP: 21/21 MP: 1/1
     0 | D:1      | magus.rc [v1.9.6]
    35 | D:1      | XOM: potion effect (curing)
    45 | D:1      | HP: 5/21 [rat (3)]
    46 | D:1      | XOM: smoke on damage
    47 | D:1      | Slain by a rat

Vanquished Creatures
  A giant cockroach (D:1)
  2 kobolds (D:1)
  A bat (D:1)
4 creatures vanquished.

Table legend:
 A = Non-vault XP
 B = Vault XP
 C = Vault XP percentage of total XP
 D = Non-vault monster count
 E = Vault monster count
 F = Vault count percentage of total count
                 A         B        C        D         E       F
            +---------+---------+-------+---------+---------+-------
      Total |       6 |       0 |   0.0 |       4 |       0 |   0.0
            +---------+---------+-------+---------+---------+-------
        D:1 |       6 |       0 |   0.0 |       4 |       0 |   0.0
            +---------+---------+-------+---------+---------+-------

Illustrated notes

Table legend:
 A = Kills in this place as a percentage of kills in entire the game.
 B = Kills by you in this place as a percentage of kills by you in the entire game.
 C = Kills by friends in this place as a percentage of kills by friends in the entire game.
 D = Other kills in this place as a percentage of other kills in the entire game.
 E = Experience gained in this place as a percentage of experience gained in the entire game.
 F = Experience gained in this place divided by the number of levels of this place that you have seen.
                   A       B       C       D       E      F
               +-------+-------+-------+-------+-------+----------------------
         Total | 100.0 | 100.0 |   N/A |   N/A | 100.0 |   6.0
       Dungeon | 100.0 | 100.0 |   N/A |   N/A | 100.0 |   6.0
               +-------+-------+-------+-------+-------+----------------------

Table legend: (Time is in decaauts)
 A = Elapsed time spent in this place.
 B = Non-inter-level travel time spent in this place.
 C = Inter-level travel time spent in this place.
 D = Time resting spent in this place.
 E = Time spent auto-exploring this place.
 F = Levels seen in this place.
 G = Mean time per level.
                   A        B        C        D        E       F      G
               +--------+--------+--------+--------+--------+-----+--------+
         Total |     61 |     61 |      0 |      0 |     35 |   1 |   61.0 |
       Dungeon |     61 |     61 |      0 |      0 |     35 |   1 |   61.0 |
               +--------+--------+--------+--------+--------+-----+--------+

Top non-repeatable levels by time:
     D:1: 61 daAuts
